Map: Efflorescence LE

Players

Throwfordays

  • Race: Protoss Protoss
  • League: Silver
  • Spawn Location: 3:00

Cthulhu

  • Race: Zerg Zerg
  • Spawn Location: 12:00

Influence

  • Race: Zerg Zerg
  • League: Diamond
  • Spawn Location: 9:00

Moose

  • Race: Terran Terran
  • League: Silver
  • Spawn Location: 6:00

VOD

Have the link to the VOD?

Description

Time

  • Played on: April 17, 2019, 9:48 p.m.
  • Length: 18:25
Show
View Real Time Build Order
Export as new Build Order

Throwfordays Protoss 

Build Orders:  

Get SALT Encoding   

  12  0:01  Probe  
  13  0:13  Probe  
  14  0:19  Pylon  
  14  0:27  Probe  
  15  0:38  Gateway, Probe  
  16  0:46  Probe  
  16  0:54  Assimilator  
  16  0:56  Probe  
  18  1:11  Probe  
  19  1:23  Probe  
  20  1:27  Cybernetics Core  
  20  1:36  Probe  
  21  1:52  Nexus  
  21  1:54  Pylon  
  20  2:04  Robotics Facility  
  20  2:08  Adept  
  20  2:14  Assimilator  
  20  2:15  Warp Gate  
  22  2:42  Adept  
  22  2:43  Gateway  
  24  2:57  Pylon  
  24  3:15  Immortal  
  24  3:17  Adept  
  24  3:18  Probe  
  26  3:26  Probe x2  
  33  3:36  Probe  
  33  3:38  Probe  
  35  3:41  Pylon  
  35  3:48  Probe  
  35  3:50  Probe  
  37  4:00  Probe  
  38  4:05  Probe  
  38  4:09  Adept  
  41  4:10  Adept  
  41  4:13  Probe, Immortal  
  41  4:17  Probe  
  49  4:25  Probe  
  49  4:29  Probe  
  51  4:34  Assimilator  
  51  4:37  Pylon, Probe  
  52  4:41  Forge, Probe  
  53  5:09  Probe, Immortal  
  53  5:11  Probe  
  58  5:17  Probe  
  58  5:19  Protoss Ground Weapons Level 1, Probe  
  59  5:26  Probe  
  61  5:29  Pylon, Probe  
  61  5:32  Pylon  
  63  5:38  Probe  
  63  5:40  Assimilator  
  64  5:47  Warp Prism  
  66  5:56  Probe  
  67  6:04  Gateway  
  67  6:05  Gateway  
  67  6:07  Gateway  
  67  6:09  Gateway  
  67  6:14  Gateway  
  67  6:15  Gateway  
  67  6:33  Immortal  
  67  6:37  Stalker  
  67  6:38  Stalker  
  75  6:41  Twilight Council  
  74  7:00  Probe  
  74  7:12  Probe  
  75  7:16  Probe  
  76  7:27  Pylon  
  76  7:43  Nexus  
  76  7:45  Stalker x5  
  76  7:46  Stalker  
  76  7:47  Stalker x2  
  92  8:01  Pylon  
  92  8:06  Gateway  
  92  8:14  Pylon  
  92  8:16  Gateway  
  92  8:19  Immortal  
  96  8:23  Assimilator  
  96  8:27  Assimilator  
  92  9:02  Nexus  
  92  9:23  Stalker x6  
  92  9:24  Stalker x3  
  108  9:29  Pylon  
  108  9:31  Pylon, Blink, Protoss Ground Weapons Level 2  
  110  9:34  Pylon  
  110  9:36  Pylon x2  
  110  9:39  Pylon  
  110  9:44  Forge  
  110  9:48  Immortal  
  114  9:56  Stalker x2  
  102  10:47  Robotics Bay  
  102  10:56  Probe  
  103  11:03  Robotics Facility  
  103  11:04  Robotics Facility  
  103  11:05  Stalker x4  
  103  11:06  Stalker x5  
  103  11:08  Probe  
  114  11:20  Probe  
  113  11:31  Stalker x5  
  113  11:32  Stalker, Probe  
  118  11:44  Probe  
  118  11:45  Colossus  
  125  11:50  Protoss Ground Armor Level 1  
  125  11:51  Extended Thermal Lance  
  125  11:55  Colossus  
  131  12:12  Colossus, Probe  
  138  12:20  Probe  
  138  12:29  Probe  
  140  12:40  Protoss Ground Weapons Level 3  
  140  12:41  Probe  
  141  12:45  Colossus  
  141  12:47  Charge  
  147  12:53  Probe  
  147  12:54  Immortal  
  132  13:18  Stalker x4  
  132  13:19  Stalker x4  
  130  13:42  Observer x2  
  90  14:28  Protoss Ground Armor Level 2  
  90  14:31  Immortal x2  
  90  14:32  Stalker  
  90  14:33  Stalker x6  
  90  14:34  Stalker x3  
  90  14:38  Immortal  
  122  14:55  Nexus  
  122  14:58  Pylon  
  121  15:12  Stalker x3  
  125  15:38  Protoss Shields Level 1  
  118  16:14  Stalker x2  
  118  16:15  Stalker x4  
  118  16:16  Stalker x3  
  118  16:17  Nexus  
  136  16:44  Pylon  
  98  17:22  Stalker x5  
  98  17:23  Stalker x4  
  122  17:35  Probe  
  122  17:43  Probe  
  124  17:53  Probe  
  131  17:59  Stargate  
  131  18:01  Stargate  
  131  18:04  Stargate  
  131  18:05  Probe  
Show
View Real Time Build Order
Export as new Build Order

Cthulhu Zerg 

Build Orders: Hatch First, Roach Hydra 

Get SALT Encoding   

  12  0:01  Drone  
  13  0:08  Drone  
  14  0:18  Extractor  
  14  0:19  Drone  
  15  0:23  Overlord  
  15  0:43  Drone  
  16  0:52  Hatchery  
  15  1:01  Drone x2  
  17  1:06  Drone  
  18  1:13  Drone  
  19  1:21  Extractor  
  19  1:25  Spawning Pool  
  17  1:33  Evolution Chamber  
  17  1:34  Drone  
  17  1:36  Drone  
  18  1:45  Drone  
  19  2:02  Overlord  
  19  2:05  Drone  
  20  2:11  Queen x2  
  24  2:20  Zergling x2  
  24  2:21  Zergling x4  
  27  2:32  Metabolic Boost  
  27  2:33  Extractor  
  26  2:38  Drone x2  
  26  2:39  Drone  
  29  2:51  Zergling x2  
  29  2:52  Zergling x4  
  32  3:22  Drone  
  32  3:23  Drone x2, Overlord  
  32  3:24  Drone  
  32  3:26  Overlord  
  36  3:42  Extractor x2  
  36  3:46  Zergling x16  
  36  4:11  Lair  
  36  4:19  Roach Warren  
  35  4:25  Zergling x14  
  35  4:30  Zerg Ground Armor Level 1  
  42  4:32  Drone  
  42  4:37  Drone  
  44  4:53  Drone x3  
  47  5:10  Glial Reconstitution  
  47  5:17  Drone  
  47  5:18  Drone x4, Overlord  
  47  5:19  Overlord  
  52  5:28  Hydralisk Den  
  48  6:09  Roach  
  48  6:10  Roach x9  
  68  6:11  Overlord  
  68  6:13  Overlord  
  56  6:39  Grooved Spines  
  56  6:43  Hydralisk x5  
  66  6:50  Pneumatized Carapace  
  66  7:05  Hydralisk  
  66  7:06  Hydralisk x2  
  72  7:16  Hydralisk  
  72  7:17  Hydralisk x2  
  72  7:19  Zergling x2  
  79  7:29  Zerg Missile Weapons Level 1  
  79  7:48  Hydralisk  
  79  7:49  Hydralisk  
  79  7:50  Overlord  
  79  7:51  Overlord  
  83  8:52  Hydralisk  
  83  8:53  Hydralisk x7  
  83  8:54  Overlord  
  83  8:55  Overlord x4  
  99  8:56  Zergling x2  
  99  9:12  Overseer  
  99  9:16  Drone x2, Overlord  
  101  9:23  Muscular Augments  
  101  10:02  Extractor  
  101  10:03  Hatchery  
  101  10:05  Extractor  
  89  10:55  Hydralisk  
  89  10:56  Hydralisk x3  
  89  10:57  Hydralisk x3  
  55  11:31  Drone  
  55  11:32  Drone x2  
  54  11:46  Hatchery  
  53  12:13  Drone  
  53  12:14  Drone  
  55  12:31  Hatchery  
  54  12:48  Roach x2  
  54  12:49  Roach  
  60  12:52  Zerg Ground Armor Level 2  
  60  13:02  Drone  
  61  13:25  Drone x3  
  64  13:44  Overseer  
  62  14:11  Drone x8, Infestation Pit  
  62  14:12  Drone  
  40  14:34  Hydralisk x6  
  52  14:45  Zergling x4  
  54  14:53  Extractor  
  54  14:55  Hatchery  
  54  14:56  Hive  
  54  14:57  Extractor  
  54  14:59  Burrow  
  51  15:07  Overseer  
  51  15:08  Zerg Missile Weapons Level 2  
  51  15:11  Overseer  
  51  15:39  Zergling x2  
  51  15:40  Zergling x18  
  59  15:47  Infestor  
  39  16:46  Spire  
  38  16:48  Drone x12  
  50  17:02  Hydralisk x3  
  56  17:11  Lurker Den  
  43  17:33  Queen  
Show
View Real Time Build Order
Export as new Build Order

Influence Zerg 

Build Orders: Hatch First, Lurkers, Swarm Host, Zergling Baneling 

Get SALT Encoding   

  12  0:01  Drone  
  13  0:12  Overlord  
  13  0:18  Drone  
  14  0:31  Drone x2  
  14  0:34  Drone  
  17  0:54  Hatchery  
  17  0:57  Drone  
  17  0:59  Drone  
  18  1:10  Extractor  
  17  1:16  Spawning Pool  
  17  1:17  Drone  
  17  1:20  Drone  
  18  1:28  Drone  
  19  1:38  Overlord  
  19  1:49  Drone  
  20  2:04  Queen  
  20  2:05  Zergling x2  
  20  2:07  Queen, Zergling x2  
  26  2:12  Drone  
  26  2:15  Metabolic Boost  
  27  2:17  Drone  
  27  2:22  Drone  
  29  2:31  Drone  
  29  2:33  Drone  
  29  2:34  Baneling Nest  
  30  2:38  Drone  
  30  2:43  Drone  
  32  2:51  Drone  
  33  2:54  Overlord  
  32  3:01  Zergling x2  
  33  3:05  Hatchery  
  33  3:06  Zergling x2  
  33  3:11  Zergling x2  
  34  3:18  Zergling x2  
  34  3:19  Drone x3  
  37  3:24  Baneling x4  
  37  3:29  Zergling x4  
  37  3:31  Drone x2  
  41  3:36  Drone  
  42  3:41  Drone  
  42  3:42  Drone  
  42  3:46  Baneling  
  44  3:53  Zergling x2  
  44  3:55  Overlord x2  
  43  4:05  Baneling x3  
  43  4:06  Drone  
  43  4:08  Overlord  
  44  4:10  Overlord  
  44  4:15  Roach Warren, Drone  
  44  4:16  Extractor x2, Drone x2  
  44  4:20  Roach Warren  
  44  4:24  Drone x2, Evolution Chamber  
  43  4:25  Drone  
  43  4:30  Drone x2  
  48  4:32  Drone  
  48  4:38  Drone x2  
  51  4:39  Queen  
  51  4:43  Overlord  
  53  4:51  Lair  
  53  4:52  Zergling x4  
  54  4:56  Roach x2  
  58  5:11  Zergling x12  
  58  5:12  Zergling x2  
  65  5:17  Zerg Missile Weapons Level 1  
  65  5:18  Drone x4  
  69  5:25  Drone x3  
  69  5:26  Drone  
  73  5:29  Roach  
  73  5:31  Drone  
  73  5:34  Extractor  
  75  5:35  Drone  
  75  5:36  Drone x2  
  75  5:41  Baneling  
  75  5:42  Baneling  
  78  5:43  Roach x3  
  78  5:45  Drone  
  78  5:46  Drone  
  78  5:49  Drone  
  87  5:53  Drone  
  88  6:00  Drone x2  
  90  6:05  Baneling x2  
  90  6:09  Glial Reconstitution  
  90  6:17  Infestation Pit  
  89  6:19  Drone  
  89  6:20  Extractor x2  
  87  6:32  Drone x2  
  89  6:33  Drone  
  89  6:35  Overlord x2  
  89  6:36  Overlord x2  
  90  6:40  Overlord  
  90  6:41  Evolution Chamber  
  89  6:58  Drone x2  
  89  6:59  Swarm Host x3  
  89  7:00  Swarm Host x5  
  89  7:01  Swarm Host  
  117  7:10  Zergling x8  
  117  7:12  Nydus Network  
  117  7:13  Overlord x3  
  120  7:19  Zerg Missile Weapons Level 2  
  120  7:23  Baneling x4  
  120  7:26  Baneling, Hatchery  
  120  7:27  Baneling  
  118  7:51  Roach  
  118  7:52  Roach x6  
  118  7:57  Drone x5  
  137  8:09  Nydus Canal  
  137  8:12  Overlord x2  
  137  8:17  Zerg Ground Armor Level 1  
  137  8:18  Drone  
  137  8:19  Extractor  
  137  8:20  Overlord  
  137  8:22  Extractor  
  136  8:39  Roach  
  136  8:40  Roach x8  
  153  8:42  Swarm Host x5  
  168  8:56  Overlord x2  
  166  9:07  Drone x2  
  166  9:08  Overlord x3  
  167  9:13  Hive  
  167  9:26  Hydralisk Den, Swarm Host x6  
  183  9:39  Nydus Canal  
  183  9:42  Tunneling Claws, Overlord  
  183  9:49  Drone  
  183  9:50  Drone x7  
  183  9:51  Drone  
  193  9:52  Drone  
  193  9:53  Drone  
  191  10:10  Hydralisk x4  
  199  10:16  Nydus Canal  
  186  10:30  Hydralisk  
  186  10:31  Hydralisk x6  
  198  10:48  Hydralisk x4  
  195  11:08  Nydus Canal  
  195  11:12  Zerg Missile Weapons Level 3, Zerg Ground Armor Level 2  
  195  11:13  Lurker Den  
  171  11:40  Hydralisk x6  
  171  11:41  Hatchery, Hydralisk x8  
  198  12:09  Baneling  
  198  12:15  Extractor  
  196  12:31  Hatchery  
  196  12:33  Grooved Spines  
  195  12:38  Pneumatized Carapace  
  195  12:48  Adaptive Talons  
  195  12:53  Lurker x4  
  199  13:23  Nydus Canal  
  199  13:39  Burrow  
  197  13:53  Hydralisk  
  197  13:54  Hydralisk x12  
  197  13:55  Hydralisk  
  172  14:10  Roach x8  
  172  14:11  Roach x9  
  189  14:25  Roach  
  189  14:26  Roach x3  
  189  14:30  Zerg Ground Armor Level 3  
  197  14:32  Drone x3  
  200  14:40  Nydus Canal  
  200  14:51  Extractor  
  200  14:52  Overseer  
  199  14:54  Extractor  
  195  15:27  Drone x3  
  195  15:28  Drone x3  
  200  15:33  Spine Crawler  
  197  15:51  Spine Crawler  
  197  15:52  Spine Crawler  
  194  16:04  Lurker x6  
  194  16:05  Lurker  
  200  16:15  Spine Crawler  
  194  16:25  Drone x2  
  194  16:26  Drone x5  
  200  17:41  Spine Crawler  
  200  17:42  Spine Crawler  
  200  17:43  Drone x2, Spine Crawler  
Show
View Real Time Build Order
Export as new Build Order

Moose Terran 

Build Orders:  

Get SALT Encoding   

  12  0:01  SCV  
  13  0:13  SCV  
  14  0:25  SCV  
  14  0:28  Supply Depot  
  15  0:31  Refinery  
  16  0:50  SCV  
  16  0:57  Barracks  
  16  1:02  Refinery, SCV  
  17  1:14  SCV  
  18  1:26  SCV  
  18  1:29  Supply Depot  
  19  1:38  SCV  
  20  1:50  SCV  
  20  1:51  Marine  
  22  2:02  SCV  
  22  2:04  Factory  
  23  2:09  Marine  
  23  2:14  SCV  
  25  2:26  SCV  
  26  2:38  SCV  
  26  2:39  Command Center  
  27  2:47  Factory Tech Lab  
  27  2:50  SCV  
  28  2:56  Starport  
  28  3:07  Marine  
  28  3:11  SCV  
  30  3:14  Supply Depot  
  30  3:35  Siege Tank  
  33  3:48  Starport Tech Lab  
  33  3:50  Starport  
  33  3:51  SCV  
  33  3:53  Fusion Core  
  34  3:59  Bunker  
  34  4:05  Marine  
  34  4:07  Siege Tank  
  38  4:16  SCV x2  
  40  4:23  Marine  
  41  4:28  SCV x2  
  43  4:33  Refinery  
  43  4:41  Starport Tech Lab  
  43  4:55  Battlecruiser  
  43  4:59  SCV  
  50  5:06  Orbital Command  
  50  5:12  SCV  
  50  5:13  Barracks Reactor  
  51  5:19  Armory  
  51  5:24  Supply Depot  
  51  5:30  Barracks  
  51  5:39  SCV x2  
  53  5:46  Siege Tank  
  53  5:47  Supply Depot  
  56  5:57  SCV  
  56  5:58  SCV  
  56  6:03  Refinery  
  58  6:14  Marine x2  
  60  6:20  Terran Ship Weapons Level 1  
  60  6:21  Engineering Bay  
  60  6:22  Barracks Tech Lab  
  60  6:28  SCV x2  
  60  6:31  Marine x2  
  64  6:41  SCV  
  65  6:48  Terran Infantry Weapons Level 1  
  65  6:49  Marine x2  
  65  6:51  Orbital Command  
  69  6:54  Marauder  
  69  7:07  Marine, Supply Depot  
  70  7:17  Marine, SCV, Battlecruiser  
  78  7:29  SCV, Siege Tank, Marauder  
  84  7:31  Supply Depot  
  84  7:39  SCV  
  85  7:52  Marauder, Battlecruiser  
  93  8:01  Supply Depot  
  93  8:02  Weapon Refit  
  93  8:07  Marine  
  94  8:23  Marine, Viking, SCV x2  
  94  8:25  Supply Depot  
  99  8:34  Marine x2  
  99  8:41  Marine  
  102  8:42  Terran Infantry Armor Level 1  
  102  8:46  Siege Tank  
  105  8:52  Marine  
  106  8:56  Viking  
  108  9:07  Marine x2  
  110  9:17  Barracks  
  110  9:18  Barracks  
  110  9:35  Command Center  
  110  9:42  Missile Turret  
  110  9:54  Missile Turret  
  110  10:04  Barracks Reactor, Missile Turret  
  110  10:13  Marine x3, Viking  
  115  10:14  Supply Depot  
  115  10:15  Missile Turret  
  115  10:25  Missile Turret  
  115  10:26  Thor  
  116  10:31  Marine  
  103  10:36  Supply Depot, Missile Turret  
  99  10:51  Missile Turret  
  99  11:01  Supply Depot  
  99  11:05  Battlecruiser x2  
  111  11:13  Marine x5, Missile Turret  
  111  11:14  Marine  
  111  11:31  Marine x6  
  117  11:38  Missile Turret  
  105  11:48  Marine  
  105  11:49  Marine x3  
  105  11:53  Thor  
  115  11:58  Marine  
  117  12:03  Barracks Reactor  
  117  12:06  Marine x2  
  117  12:07  Marine x2  
  120  12:10  Terran Infantry Armor Level 2, Battlecruiser x2  
  120  12:11  Supply Depot  
  132  12:16  Marine, Engineering Bay  
  133  12:24  Marine x2  
  133  12:28  Marine  
  133  12:29  Marine  
  137  12:33  Marine  
  137  12:34  Supply Depot  
  138  12:42  Marine x2  
  140  12:46  Marine x2  
  140  12:47  Marine x2  
  144  12:51  Marine  
  144  12:57  Supply Depot  
  144  12:58  Command Center  
  145  13:00  Marine x2  
  145  13:04  Marine  
  148  13:14  Medivac x2  
  152  13:27  Siege Tank  
  152  13:29  Marine x5  
  152  13:30  Marine x2  
  156  13:43  Medivac  
  156  13:47  Marine x5  
  156  13:48  Marine x2  
  159  13:54  Terran Infantry Weapons Level 2  
  159  13:59  Siege Tank  
  162  14:05  Marine x4  
  162  14:09  Marine x3  
  169  14:12  Missile Turret  
  169  14:18  SCV x2  
  169  14:19  SCV  
  169  14:22  Marine  
  173  14:31  Thor  
  173  14:33  SCV, Missile Turret  
  173  14:35  SCV  
  181  14:43  Supply Depot  
  181  14:45  Supply Depot  
  181  15:05  SCV x3, Medivac x2  
  188  15:07  Terran Infantry Armor Level 3  
  188  15:17  SCV  
  188  15:19  Marine x4  
  188  15:20  Marine x3  
  196  15:28  Siege Tank  
  155  15:37  Marine x6  
  155  15:38  Marine  
  156  15:55  Marine  
  139  16:06  Marine x5  
  139  16:07  Marine  
  139  16:10  Medivac x2  
  149  16:12  Marine  
  150  16:24  Marine x6  
  156  16:30  Marine  
  156  16:32  SCV x2  
  159  16:40  Refinery, Medivac x2  
  159  16:42  Marine x6, Refinery  
  168  16:48  Marine  
  153  16:59  Marine  
  153  17:00  Marine x2  
  125  17:27  Orbital Command  
  125  17:48  Marine x5  
  125  17:49  Marine x2  
  132  17:57  Command Center  
  132  18:06  Marine x7  
Tags
 
Add a new tag
Caveats
  • Supply blocks, unpowered buildings, or Contaminate may cause inaccurate times.
  • Supply counts are checked every 10 seconds.